 Dungeon Crawl Stone Soup version 0.31-a0-1447-g87ca8d402b (webtiles) character file.

Game seed: 16683870752687548079

53 kae the Sneak (level 3, 0/25 HPs)
             Began as a Demonspawn Enchanter on Dec 27, 2023.
             Succumbed to Robin's poison
             ... on level 1 of the Dungeon.
             The game lasted 00:01:06 (1186 turns).

kae the Sneak (Demonspawn Enchanter)                Turns: 1186, Time: 00:01:07

Health: 0/25       AC: 10    Str:  8    XL:     3   Next: 62%
Magic:  6/6        EV:  7    Int: 15    God:
Gold:   45         SH:  0    Dex: 15    Spells: 6/6 levels left

rFire   . . .        a - +1 dagger
rCold   . . .        (no shield)
rNeg    + . .        e - +0 pearl dragon scales {rare}
rPois   .            (helmet restricted)
rElec   .            (no cloak)
rCorr   .            (no gloves)
SInv    .            (no boots)
Will    +....        (no amulet)
Stlth   +            L - ring of flight
HPRegen 0.24/turn    g - ring of willpower
MPRegen 0.10/turn

%: no passive effects
@: brilliant, lethally poisoned (0 -> -1), flying, invisible
A: antennae 1
a: no special abilities


You were on level 1 of the Dungeon.
You visited 1 branch of the dungeon, and saw 2 of its levels.

You collected 45 gold pieces.


Innate Abilities, Weirdness & Mutations

You have a pair of small antennae on your head.


   Skills:
 + Level 0.9 Fighting
 * Level 1.8 Short Blades
 + Level 0.4 Armour
 - Level 1.7 Dodging
 * Level 3.2 Stealth
 + Level 2.2 Spellcasting
 + Level 3.2 Hexes


You had 6 spell levels left.
You didn't know any spells.
Your spell library contained the following spells:

 Spells                   Type           Power      Damage    Failure   Level
 Ensorcelled Hibernation  Hex/Ice        18%        N/A       95%         2
 Confusing Touch          Hex            17%        N/A       96%         3
 Tukima's Dance           Hex            17%        N/A       96%         3
 Sublimation of Blood     Necr           2%         N/A       99%         2
 Dazzling Flash           Conj/Hex       18%        N/A       99%         3
 Petrify                  Alch/Erth      2%         N/A       100%        4
 Irradiate                Conj/Alch      1%         3d12      100%        5

Inventory:

Hand Weapons
 a - a +1 dagger (weapon)
Missiles
 d - 11 stones
Armour
 b - a +0 robe
 e - +0 pearl dragon scales (worn) {rare}
   (You found it on level 1 of the Dungeon)
Jewellery
 g - a ring of willpower (right hand)
   (You found it on level 1 of the Dungeon)
 L - a ring of flight (left hand)
   (You found it on level 1 of the Dungeon)
Scrolls
 i - a scroll of identify {@r1}
Potions
 c - a potion of invisibility

Dungeon Overview and Level Annotations

Branches:
Dungeon (2/15) Zot: 10823

Altars:

#.#.#...........#.........#
#.#.###.#######.#.#.......#
#######.#.###.#.........†.####..#
~...'...#.#.......#.#.#.######...
#..####.#.#.#.#...#.#.#.........#
♣♣..# #.#.#.#)#...#.#.###########
♣..## #.#.#.#.#...#..............
...♣ #.#.#...).....#.###########
.♣.♣ #.#......>@.#.#.###........
~..♣ #.#...............#.#######
.♣.♣ #.#...###.##.##.#.#........
...♣ #.#...#.........#.#########
♣..## #.#...#.#.###.###.#########
♣♣..# #.#.......#[...............
#..####.#...#.#.#.#.###.#########
~...'.#.#...#.#.#.#.##..#
#####....)..#.#.#.#.##..#


There were no monsters in sight!


Message History

You hit the goblin.
You kill the goblin!
You closely miss the goblin.
The goblin hits you with a +0 club. 😕 HP[-1]
You take 1 damage, and now have 21/25 hp.
You hit the goblin but do no damage. The goblin barely misses you.
You barely miss the goblin. The goblin hits you but does no damage.
You hit the goblin but do no damage. The goblin barely misses you.
You hit the goblin.
The goblin hits you but does no damage. 😕 HP[+1]
You closely miss the goblin. The goblin hits you but does no damage.
You hit the goblin.
You kill the goblin!
Items here: ))))))))) ††††. 😕 HP[+1]
You start resting. 😎 HP[+2]
Your hp is fully restored (25).
You see here a +0 dagger.
There is a stone staircase leading down here.
You fly downwards.
Level annotation: Robin The dart slug briefly extends its eye-stalks.
Robin hits you with a +1 mace of venom.
You are poisoned.
There is a stone staircase leading up, spattered with blood here. 😕 HP[-1]
You take 1 damage, and now have 24/25 hp.
You hit Robin.
You feel sick. Robin hits you with a +1 mace of venom.
You are too injured to fight recklessly! 😮 HP[-7]
You take 7 damage, and now have 17/25 hp.
MASSIVE DAMAGE!! (PAUSE)
You feel sick. Robin hits you but does no damage.
You fly upwards.
You feel sick.
There is a stone staircase leading down here.
Unknown command. 😮 HP[-4]
You take 4 damage, and now have 13/25 hp.
It was a potion of cancellation.
You feel magically purged.
You feel sick. Robin hits you but does no damage.
You fade into invisibility!
You feel sick. Robin barely misses you. 😨 HP[-1]
You take 1 damage, and now have 12/25 hp.
You barely miss Robin.
You feel sick. 😨 HP[-1]
You take 1 damage, and now have 11/25 hp.
You strike the helpless Robin from behind!
You puncture Robin!
You feel sick.
You are no longer poisoned.
Robin closely misses you. 😨 HP[-1]
You take 1 damage, and now have 10/25 hp.
You hit Robin. Robin barely misses you. 😨 HP[+1]
You barely miss Robin. Robin hits you with a +1 mace of venom.
* * * LOW HITPOINT WARNING * * *
You are lethally poisoned! 😨 HP[-4]
You take 4 damage, and now have 7/25 hp.
It was a potion of brilliance.
You feel clever all of a sudden.
* * * LOW HITPOINT WARNING * * *
You feel sick. Robin barely misses you. 😱 HP[-2]
You take 2 damage, and now have 5/25 hp.
You catch the helpless Robin completely off-guard!
You puncture Robin!
You kill Robin!
* * * LOW HITPOINT WARNING * * *
You feel sick. 😱 HP[-2]
You take 2 damage, and now have 3/25 hp.
* * * LOW HITPOINT WARNING * * *
You feel sick.
Items here: ) [[ †. 😱 HP[-1]
You take 1 damage, and now have 2/25 hp.
There is a lethal amount of poison in your body!
Okay, then.
Okay, then.
As you read the scroll labelled SAUSUTOWKU, it crumbles to dust.
You feel momentarily disoriented.
It was a scroll of revelation.
* * * LOW HITPOINT WARNING * * *
You feel sick.
Unknown command.
As you read the scroll labelled FISHANI NOSM, it crumbles to dust.
It is a scroll of identify.
You don't currently have any unidentified items.
* * * LOW HITPOINT WARNING * * *
You feel sick. 😱 HP[-1]
You take 1 damage, and now have 1/25 hp.
Sorry, you're not good enough to have a special ability.
Unknown command.
There is a lethal amount of poison in your body!
Unknown command.
You don't know any spells.
You die...

Skill      XL: |  1  2 |
---------------+-------+-----
Short Blades   | 1 |  1.8
Stealth        | 3 |  3.2
Fighting       | |  0.9
Armour         | |  0.4
Dodging        | |  1.7
Spellcasting   | |  2.2
Hexes          | |  3.2

Action                     || total
---------------------------++-------
  Melee: Dagger            ||   159
         Punch             ||     2
    Use: Potion            ||     3
         Scroll            ||     2
   Stab: Invisible         ||     2
 Armour: Pearl dragon scal ||   136
         Robe              ||    11
  Dodge: Dodged            ||    67

Levels and vault maps discovered:
D:1:      tarquinn_simple_flora_water_b, layout_basic,
          nicolae_figureground_sparkle
D:2:      layout_rooms, basic_altar, serial_shops, nicolae_shop_window_shopping,
          kennysheep_jessica_study, uniq_natasha, uniq_sigmund, uniq_robin

Notes
Turn   | Place    | Note
-------+----------+-------------------------------------------
     0 | D:1      | kae the Demonspawn Enchanter began the quest for the Orb.
     0 | D:1      | Reached XP level 1. HP: 13/13 MP: 3/3
     0 | D:1      | magus.rc [v1.11.3]
    99 | D:1      | Reached skill level 1 in Short Blades
   150 | D:1      | HP: 3/13 [quokka (3)]
   152 | D:1      | Identified +0 pearl dragon scales
   153 | D:1      | +0 pearl dragon scales {rare}; a quokka corpse
   155 | D:1      | +0 pearl dragon scales {rare}; a quokka corpse
   155 | D:1      | e - +0 pearl dragon scales {rare}
   166 | D:1      | You finish putting on your +0 pearl dragon scales {rare}.
   235 | D:1      | You pick up a book of Transmutation and begin reading...
   235 | D:1      | You add the spells Sublimation of Blood, Petrify and
                  | Irradiate to your library.
   294 | D:1      | Gained mutation: You have a pair of small antennae on your
                  | head. [demonic ancestry]
   294 | D:1      | Reached XP level 2. HP: 19/20 MP: 5/5
   514 | D:1      | Reached skill level 3 in Stealth
  1028 | D:2      | Noticed Robin
  1037 | D:2      | Reached XP level 3. HP: 21/25 MP: 6/6
  1181 | D:1      | HP: 5/25 [poisoned by Robin]
  1182 | D:1      | Killed Robin
  1183 | D:1      | HP: 2/25 [poisoned by Robin]
  1186 | D:1      | Succumbed to Robin's poison

Vanquished Creatures
  Robin (D:1)
  2 dart slugs (D:1)
  3 ball pythons (D:1)
  An endoplasm (D:1)
  3 giant cockroaches (D:1)
  12 goblins
  A hobgoblin (D:1)
  2 quokkas (D:1)
  A bat (D:1)
  3 frilled lizards (D:1)
  3 kobolds (D:1)
  3 rats (D:1)
35 creatures vanquished.

Table legend:
 A = Non-vault XP
 B = Vault XP
 C = Vault XP percentage of total XP
 D = Non-vault monster count
 E = Vault monster count
 F = Vault count percentage of total count
                 A         B        C        D         E       F
            +---------+---------+-------+---------+---------+-------
      Total |      42 |      34 |  44.7 |      24 |      11 |  31.4
            +---------+---------+-------+---------+---------+-------
        D:1 |      42 |      32 |  43.2 |      24 |      10 |  29.4
        D:2 |       0 |       2 | 100.0 |       0 |       1 | 100.0
            +---------+---------+-------+---------+---------+-------

Skill      XL: |  1  2 |
---------------+-------+-----
Short Blades   | 1 |  1.8
Stealth        | 3 |  3.2
Fighting       | |  0.9
Armour         | |  0.4
Dodging        | |  1.7
Spellcasting   | |  2.2
Hexes          | |  3.2

Action                     || total
---------------------------++-------
  Melee: Dagger            ||   159
         Punch             ||     2
    Use: Potion            ||     3
         Scroll            ||     2
   Stab: Invisible         ||     2
 Armour: Pearl dragon scal ||   136
         Robe              ||    11
  Dodge: Dodged            ||    67

Illustrated notes

Table legend:
 A = Kills in this place as a percentage of kills in the entire game.
 B = Kills by you in this place as a percentage of kills by you in the entire game.
 C = Kills by friends in this place as a percentage of kills by friends in the entire game.
 D = Other kills in this place as a percentage of other kills in the entire game.
 E = Experience gained in this place as a percentage of experience gained in the entire game.
 F = Experience gained in this place divided by the number of levels of this place that you have seen.
                   A       B       C       D       E      F
               +-------+-------+-------+-------+-------+----------------------
         Total | 100.0 | 100.0 |   N/A |   N/A | 100.0 |  38.0
       Dungeon | 100.0 | 100.0 |   N/A |   N/A | 100.0 |  38.0
               +-------+-------+-------+-------+-------+----------------------

Table legend: (Time is in decaauts)
 A = Elapsed time spent in this place.
 B = Non-inter-level travel time spent in this place.
 C = Inter-level travel time spent in this place.
 D = Time resting spent in this place.
 E = Time spent auto-exploring this place.
 F = Levels seen in this place.
 G = Mean time per level.
                   A        B        C        D        E       F      G
               +--------+--------+--------+--------+--------+-----+--------+
         Total |   1176 |   1143 |     33 |     42 |    819 |   2 |  588.0 |
       Dungeon |   1176 |   1143 |     33 |     42 |    819 |   2 |  588.0 |
               +--------+--------+--------+--------+--------+-----+--------+

Top non-repeatable levels by time:
     D:1: 1157 daAuts
     D:2: 18 daAuts
